 Dungeon Crawl Stone Soup version 0.30-a0-782-ge64f9170bb (webtiles) character file.

Game seed: 7308488922044988147

325112 theswoord the Lord of Darkness (level 21, -31/232 HPs)
             Began as a Demonspawn Gladiator on Feb 19, 2023.
             Was the Champion of Kikubaaqudgha.
             Killed from afar by a deep elf annihilator (68 damage)
             ... with an iron shot
             ... on level 3 of the Elven Halls.
             The game lasted 01:25:00 (35273 turns).

theswoord the Lord of Darkness (DsGl)              Turns: 35273, Time: 01:25:01

Health: -31/232    AC: 40    Str: 25    XL:     21   Next: 6%
Magic:  0/21       EV: 19    Int:  9    God:    Kikubaaqudgha [******]
Gold:   4711       SH:  4    Dex: 13    Spells: 10/20 levels left

rFire   . . .      SeeInvis +    J - +8 lajatang (pain)
rCold   + . .      Faith    .    (shield currently unavailable)
rNeg    + . .      Spirit   +    f - +1 chain mail "Jerore" {rC+ Regen+ Int+2}
rPois   +          Reflect  .    (helmet unavailable)
rElec   .          Harm     .    H - +2 ratskin cloak {*Rats rPois rN+ Str-1 Int-1 Dex+1}
rCorr   .          Rampage  .    e - +3 pair of gloves "Wuguhuirr" {SInv}
Will    +....                    p - +1 pair of boots Stlth
                                 k - amulet of regeneration
HPRegen 2.18/turn                K - ring of Duimnaxt {rPois AC+4}
MPRegen 0.34/turn                b - +5 ring of evasion

@: death channelling
A: horns 3, rugged brown scales 3, icemail 2, robust 2, magic shield, magic
regeneration, condensation shield, clumsy 1, dopey 1
}: 1/15 runes: gossamer
a: Renounce Religion, Unearth Wretches, Torment


You were on level 3 of the Elven Halls.
You worshipped Kikubaaqudgha.
Kikubaaqudgha was exalted by your worship.
You visited 9 branches of the dungeon, and saw 38 of its levels.
You visited the Abyss 1 time.
You also visited: Ice Cave and Desolation.

You collected 5351 gold pieces.
You spent 640 gold pieces at shops.

Inventory:

Hand Weapons
 l - the +8 lajatang "Nes Acsesk" {speed, rC- Will+++ Str+3 Dex-5}
   (You bought it in a shop on level 2 of the Orcish Mines)

   Str:       It affects your strength (+3).
   Dex:       It affects your dexterity (-5).
   rC:        It makes you vulnerable to cold.
   Will:      It greatly increases your willpower.
 z - a +4 quarterstaff of protection
 J - a +8 lajatang of pain (weapon)
Missiles
 d - 6 throwing nets
Armour
 e - the +3 pair of gloves "Wuguhuirr" (worn) {SInv}
   (You found it in an ice cave)

   SInv:      It lets you see invisible.
 f - the +1 chain mail "Jerore" (worn) {rC+ Regen+ Int+2}
   (You found it on level 2 of the Dungeon)

   Int:       It affects your intelligence (+2).
   rC:        It protects you from cold.
   Regen:     It increases your rate of health regeneration.
 p - a +1 pair of boots (worn)
 H - the +2 ratskin cloak (worn) {*Rats rPois rN+ Str-1 Int-1 Dex+1}
   (You found it on level 8 of the Dungeon)

   *Rats:     When the wearer is hurt, rats may emerge from it to assist them.
   Str:       It affects your strength (-1).
   Int:       It affects your intelligence (-1).
   Dex:       It affects your dexterity (+1).
   rPois:     It protects you from poison.
   rN:        It protects you from negative energy.
Jewellery
 b - a +5 ring of evasion (right hand)
 k - an amulet of regeneration (around neck)
 m - a ring of protection from cold
 K - the ring of Duimnaxt (left hand) {rPois AC+4}
   (You found it in the Desolation of Salt)

   [ring of protection]

   AC:        It affects your AC (+4).
   rPois:     It protects you from poison.
 M - the ring of Ymie {*Slow rElec rCorr MP+9 Int+3}
   (You found it in the Desolation of Salt)

   [ring of magical power]

   Int:       It affects your intelligence (+3).
   rElec:     It insulates you from electricity.
   MP:        It affects your magic capacity (+9).
   rCorr:     It protects you from acid and corrosion.
   *Slow:     It may slow you when you take damage.
 W - a ring of poison resistance
Wands
 o - a wand of roots (22)
 E - a wand of mindburst (9)
 I - a wand of charming (17)
 T - a wand of digging (9)
Scrolls
 h - 3 scrolls of enchant armour
 r - 5 scrolls of fog
 t - 12 scrolls of teleportation
 w - 7 scrolls of amnesia
 D - 3 scrolls of silence
 N - 5 scrolls of vulnerability
 P - 6 scrolls of immolation
 R - 2 scrolls of magic mapping
 U - 5 scrolls of fear
 V - 4 scrolls of brand weapon
 X - 2 scrolls of blinking
 Y - 5 scrolls of poison
Potions
 a - a potion of haste
 c - 6 potions of mutation
 g - 8 potions of magic
 j - 12 potions of curing
 n - 4 potions of flight
 q - 3 potions of heal wounds
 s - a potion of berserk rage
 u - 3 potions of brilliance
 x - 4 potions of lignification
 B - a potion of invisibility
 C - 5 potions of might
 F - 6 potions of resistance
 G - 6 potions of attraction
 O - 5 potions of cancellation
 Q - 6 potions of ambrosia


   Skills:
 + Level 20.0 Fighting
 - Level 14.0 Staves
 - Level 1.7 Throwing
 + Level 14.1 Armour
 + Level 14.4 Dodging
 + Level 23.7 Necromancy


You had 10 spell levels left.
You knew the following spells:

 Your Spells              Type           Power      Damage    Failure   Level
a - Animate Dead          Necr           42%        N/A       1%          4
b - Death Channel         Necr           21%        N/A       1%          6

Your spell library contained the following spells:

 Spells                   Type           Power      Damage    Failure   Level
 Necrotise                Necr           100%       1d9       0%          1
 Kiss of Death            Conj/Necr      84%        2d11      1%          1
 Agony                    Necr           42%        N/A       1%          5
 Cigotuvi's Dreadful Rot  Necr/Pois/Air  28%        N/A       10%         2
 Anguish                  Hex/Necr       10%        N/A       13%         4
 Borgnjor's Vile Clutch   Necr/Erth      10%        N/A       34%         5
 Summon Small Mammal      Summ           0%         N/A       86%         1
 Lesser Beckoning         Tloc           0%         N/A       94%         2
 Passwall                 Tmut/Erth      0%         N/A       94%         2
 Call Canine Familiar     Summ           0%         N/A       99%         3
 Dazzling Flash           Conj/Hex       0%         N/A       99%         3
 Hailstorm                Conj/Ice       0%         3d3       99%         3
 Summon Guardian Golem    Hex/Summ       0%         N/A       99%         3
 Leda's Liquefaction      Hex/Erth       0%         N/A       100%        4
 Passage of Golubria      Tloc           0%         N/A       100%        4
 Sticky Flame             Conj/Fire      0%         2d3       100%        4
 Summon Ice Beast         Ice/Summ       0%         N/A       100%        4
 Summon Lightning Spire   Summ/Air       0%         N/A       100%        4
 Metabolic Englaciation   Hex/Ice        0%         N/A       100%        5
 Summon Mana Viper        Hex/Summ       0%         N/A       100%        5
 Monstrous Menagerie      Summ           0%         N/A       100%        7
 Spellforged Servitor     Conj/Summ      0%         N/A       100%        7
 Lehudib's Crystal Spear  Conj/Erth      0%         10d2      100%        8
 Chain Lightning          Conj/Air       0%         N/A       100%        9
 Fire Storm               Conj/Fire      0%         5d1       100%        9
 Shatter                  Erth           0%         3d5*      100%        9


Dungeon Overview and Level Annotations

Branches:
Dungeon (15/15)            Temple (1/1) D:6            Lair (5/5) D:10
  Swamp (3/4) Lair:3       Spider (4/4) Lair:2        Slime (0/5) Lair:4
    Orc (2/2) D:10            Elf (3/3) Orc:2        Vaults (4/5) D:14
  Crypt (0/3) Vaults:3     Depths (1/4) D:15          IceCv (visited)
Desolation (visited)

Altars:
Cheibriados
Dithmenos
Fedhas
Gozag
Hepliaklqana
Kikubaaqudgha
Makhleb
Nemelex Xobeh
Okawaru
Qazlal
Ru
Sif Muna
Trog
Uskayaw
Vehumet
Wu Jian
Xom
Jiyva

Shops:
D:7 (   Orc:2 (*:[   Elf:1 **   Elf:2 [   Vaults:1 (

Portals:
Abyss: Lair:1

Annotations:
Lair:1 2 transporters, HoaS's ghost, journeyman GrHu
Swamp:3 Mara
Vaults:1 Sojobo


Innate Abilities, Weirdness & Mutations

You have a pair of large horns on your head.
You are completely covered in rugged brown scales. (AC +3, +7% HP)
A meltable icy envelope protects you from harm. (AC +8)
You are very robust. (+20% HP)
When hurt, damage is shared between your health and your magic reserves.
You regenerate magic rapidly.
A meltable shield of frost defends you. (SH +4)
You are clumsy. (Dex -2)
You are dopey. (Int -2)


Message History

A glowing mist starts to gather...
The deep elf annihilator gestures wildly while chanting.
The deep elf annihilator blinks!
Found a tin of tremorstones (2/2).
The deep elf annihilator casts a spell at you.
The bolt of lightning misses you.
You hear a shout! x6
The deep elf annihilator casts a spell.
The deep elf annihilator blinks!
The deep elf annihilator casts a spell at you.
The iron shot hits you!!!!
* * * LOW HITPOINT WARNING * * *
The deep elf annihilator mumbles some strange words.
The deep elf annihilator blinks!
Your spectral deep elf high priest hits the deep elf annihilator.
You carve the deep elf annihilator like a ham!!!
Your headbutt misses the deep elf annihilator.
The deep elf annihilator barely misses you.
The deep elf annihilator points at you and mumbles some strange words.
The crystal spear hits your spectral deep elf high priest!!!
Your spectral deep elf high priest is destroyed!
You slice the deep elf annihilator!!
The deep elf annihilator writhes in agony.
Your headbutt misses the deep elf annihilator.
Your spectral deep elf high priest hits the deep elf annihilator!
Your spectral deep elf demonologist hits the deep elf annihilator.
A deep elf demonologist comes into view.
It is wielding a +0 dagger.
Your spectral deep elf demonologist hits the deep elf annihilator!
The deep elf annihilator gestures wildly while chanting.
The deep elf annihilator blinks!
Your deep elf blademaster zombie hits the deep elf annihilator! x2
Your spectral deep elf demonologist hits the deep elf annihilator.
Your spectral deep elf demonologist drains the deep elf annihilator.
The deep elf annihilator dies!
Kikubaaqudgha accepts your kill.
A glowing mist starts to gather...
The deep elf annihilator casts a spell at you.
The iron shot hits you!!!!
You die...
Kikubaaqudgha rasps: "You have failed me!
Welcome... death!"

.. ##.## .. ... #...
..... ..... .}. .....
.....# ... #e....
......##.##......
.......#Z#.......
#......ยง..ZZ....#
#........ZZ...#
#....?.Z@.....#
###....)Ze..###
##...)Z..## ########
#####Z###### ....##.#
##...ZZ)Zr#.#
.....#.###....ZZZZ.#.#
....##.....#.#.)...#.#
.............#...).#.#
###.##.....#.#.....#.#


You could see a deep elf annihilator (empowered, ally target), a deep elf
demonologist, a friendly spectral deep elf high priest, 2 friendly spectral deep
elf demonologists, a friendly spectral deep elf annihilator, 4 friendly spectral
deep elf sorcerers, a friendly spectral deep elf blademaster, 3 friendly deep
elf sorcerer zombies and a friendly deep elf blademaster zombie.

Vanquished Creatures
  A dread lich (Vaults:4)
  Zenata (Vaults:4)
  A lich (Abyss:3)
  A deep elf blademaster (Elf:3)
  Agnes (D:15)
  A storm dragon (D:14)
  A tentacled starspawn (Abyss:3)
  A thorn hunter (Swamp:3)
  A tengu reaver (Vaults:2)
  Donald (Swamp:2)
  A revenant (Vaults:3)
  5 vault wardens
  4 emperor scorpions
  3 imperial myrmidons (Desolation)
  Aizul (Spider:4)
  3 frost giants (Depths:1)
  2 ghost moths (Spider:3)
  2 orc warlords
  3 deep elf sorcerers (Elf:3)
  2 deep elf elementalists (Elf:3)
  A reaper (IceCv)
  A cacodemon (Abyss:3)
  2 broodmothers
  9 ironbound preservers
  5 ironbound thunderhulks
  12 very ugly things
  2 deep elf demonologists (Elf:3)
  Nessos (Orc:2)
  2 eleionomae
  A white draconian (Abyss:3)
  A deep elf annihilator (Elf:2)
  A halazid warlock (Desolation)
  2 spark wasps
  3 bunyips
  6 dire elephants
  2 deep elf death magi (Elf:3)
  Snorg (Orc:2)
  2 ettins
  3 deep elf high priests (Elf:3)
  2 entropy weavers
  Josephine (D:15)
  2 crystal guardians
  10 ragged hierophants (Desolation)
  4 great orbs of eyes
  7 yaktaur captains
  5 servants of whispers (Desolation)
  7 hydras
  12 peacekeepers
  2 ogre magi
  A rakshasa (D:15)
  2 vault guards (Vaults:4)
  A catoblepas (Lair:5)
  Harold (Lair:2)
  A radroach (Spider:1)
  An alligator (Swamp:3)
  5 ghost crabs (Swamp:2)
  6 boulder beetles
  3 ironbound frosthearts
  12 two-headed ogres
  2 tengu warriors
  12 centaur warriors
  3 thrashing horrors (Abyss:3)
  A vampire mage (Vaults:3)
  29 dancing weapons
  5 orc high priests
  17 deep elf knights
  Sonja (Lair:2)
  A sixfirhy (Abyss:3)
  A fire crab (shapeshifter) (Elf:2)
  A wretched star (Abyss:3)
  4 pharaoh ants
  A sun moth (Spider:4)
  A sea snake (Swamp:2)
  2 goliath frogs (Swamp:2)
  A glowing orange brain (D:15)
  A skeletal warrior (D:14)
  4 spriggan druids
  9 ironbound convokers
  21 deep trolls
  5 wizards
  10 lindwurms
  2 swamp dragons (Swamp:2)
  5 orb spiders
  10 deep elf archers
  Pikel (D:7)
  25 deep elf pyromancers
  5 steelbarb worms
  2 harpies (Vaults:4)
  23 ugly things
  9 orc knights
  3 orc sorcerers
  17 deep elf zephyrmancers
  10 wolf spiders
  2 will-o-the-wisps
  7 elephants (Lair:4)
  3 manticores
  2 worldbinders (Abyss:3)
  13 cyclopes
  5 moths of wrath
  14 vault sentinels
  5 guardian serpents (Desolation)
  4 smoke demons (Abyss:3)
  3 torpor snails
  An ice statue (IceCv)
  A gargoyle (D:8)
  5 demonic crawlers
  4 apocalypse crabs
  A black mamba (Lair:5)
  4 molten gargoyles
  An unseen horror (D:14)
  Maggie (D:7)
  9 cane toads
  3 unseen horror zombies (D:8)
  An unseen horror (shapeshifter) (D:15)
  4 rime drakes
  4 komodo dragons
  A tormentor (Abyss:3)
  An efreet (D:14)
  23 yaktaurs
  3 tengu conjurers
  An anaconda simulacrum (IceCv)
  4 freezing wraiths
  A harpy zombie (Abyss:3)
  2 polar bears
  7 trolls
  A tarantella (shapeshifter) (D:13)
  3 hellwings (Abyss:3)
  3 hornets
  A tyrant leech (Swamp:1)
  57 saltlings (Desolation)
  9 tarantellas
  6 raiju (Abyss:3)
  A hornet (shapeshifter) (Elf:1)
  A blink frog (Lair:1)
  A blink frog (shapeshifter) (D:7)
  10 jumping spiders
  2 vampires
  31 slime creatures
  2 ynoxinuls (Abyss:3)
  2 air elementals
  10 culicivoras
  2 shadows
  4 water elementals
  5 spriggans
  3 fire elementals
  8 wraiths
  3 wyverns
  A basilisk (shapeshifter) (D:14)
  35 yaks
  A dire elephant simulacrum (IceCv)
  A golden eye (Abyss:3)
  3 basilisks
  Grum (D:8)
  7 large abominations (Abyss:3)
  31 redbacks
  14 vampire mosquitoes
  A neqoxec (Abyss:3)
  2 steam dragons (D:8)
  2 wargs (Orc:1)
  5 swamp worms
  3 acid dragons
  10 water moccasins
  A hydra simulacrum (IceCv)
  42 orc warriors
  3 small abominations (Abyss:3)
  2 swamp drakes
  2 black bears
  3 ice beasts
  3 sky beasts
  A tengu (D:9)
  6 ogres
  7 centaurs
  6 starcursed masses (Abyss:3)
  13 wolves
  2 lemures (D:7)
  A kobold brigand (D:6)
  12 bullfrogs
  3 gnoll sergeants
  2 earth elementals
  2 scorpions
  5 two-headed ogre simulacra (IceCv)
  12 wights
  3 elephant simulacra (IceCv)
  8 killer bees
  9 electric eels
  2 howler monkeys
  A lava snake (D:11)
  4 centaur zombies (D:8)
  2 hounds
  3 jellies
  27 orc priests
  Crazy Yiuf (D:5)
  4 iguanas
  13 orc wizards
  4 polar bear simulacra (IceCv)
  7 spriggan simulacra
  6 troll simulacra (IceCv)
  A wolf simulacrum (IceCv)
  A killer bee zombie (D:8)
  Robin (D:4)
  2 howler monkey zombies (D:8)
  7 naga simulacra (IceCv)
  5 adders
  22 gnolls
  A shadow imp (D:8)
  17 white imps
  4 ufetubi (IceCv)
  A worm (shapeshifter) (D:15)
  4 dart slugs
  65 orcs
  8 ball pythons
  8 endoplasms
  A giant cockroach (D:3)
  9 hobgoblins
  10 kobolds
  3 quokkas
  3 bats
  A frilled lizard (D:1)
  9 goblins
  4 rats
  A briar patch (Swamp:3)
  A butterfly (D:3)
  2 starspawn tentacles (Abyss:3)
1257 creatures vanquished.

Vanquished Creatures (collateral kills)
  Saint Roka (Orc:1)
  Roxanne (Swamp:1)
  A ghost moth (Spider:3)
  4 ironbound preservers (Vaults:3)
  3 very ugly things
  2 ironbound thunderhulks (Vaults:3)
  A deep elf demonologist (Elf:3)
  4 dire elephants
  An eleionoma (Swamp:2)
  2 deep elf annihilators (Elf:3)
  A crystal guardian (Vaults:3)
  A deep elf death mage (Elf:3)
  2 spark wasps
  A shambling mangrove (Swamp:3)
  2 great orbs of eyes (Vaults:4)
  2 ice dragons
  A ghost crab (Swamp:2)
  3 hydras
  3 yaktaur captains (Vaults:4)
  A vault guard (Vaults:3)
  A catoblepas (Lair:5)
  3 centaur warriors
  A peacekeeper (Desolation)
  A jorogumo (Spider:4)
  A boulder beetle (D:15)
  A dancing weapon (Elf:2)
  3 alligators
  2 pharaoh ants
  A glowing orange brain (Vaults:2)
  6 deep trolls
  A spriggan druid (Swamp:2)
  2 sun moths (Spider:4)
  A bog body (Swamp:1)
  A goliath frog (Swamp:2)
  A wizard (Vaults:4)
  A swamp dragon (Swamp:1)
  4 orb spiders
  A harpy (Vaults:4)
  An orc knight (Orc:1)
  A steelbarb worm (Spider:3)
  A deep elf zephyrmancer (Elf:2)
  A will-o-the-wisp (Swamp:1)
  An ugly thing (Vaults:4)
  6 wolf spiders
  3 deep elf pyromancers
  3 vault sentinels
  A black mamba (Lair:5)
  4 demonic crawlers
  A molten gargoyle (D:11)
  A torpor snail (Spider:2)
  A cane toad (Lair:5)
  8 yaktaurs
  A komodo dragon (Lair:1)
  15 tarantellas
  10 saltlings (Desolation)
  3 hornets
  A dream sheep (Lair:5)
  8 culicivoras
  14 jumping spiders
  2 spriggans
  A water elemental (Depths:1)
  4 yaks
  2 basilisks
  A golden eye (Abyss:3)
  2 vampire mosquitoes (Swamp:1)
  10 redbacks
  5 swamp worms
  A warg (Orc:1)
  An orc warrior (Orc:2)
  An ogre (Orc:2)
  A centaur (D:14)
  2 wolves (Lair:5)
  An electric eel (Lair:1)
  3 orc wizards
  A polar bear simulacrum (IceCv)
  An ufetubus (IceCv)
  10 orcs
203 creatures vanquished.

Vanquished Creatures (others)
  A tengu reaver (Vaults:2)
  A fenstrider witch (Swamp:3)
  A deep elf sorcerer (Elf:3)
  A bunyip (Swamp:3)
  2 very ugly thing zombies
  A death drake (Swamp:3)
  A bunyip zombie (Swamp:1)
  A deep elf zephyrmancer (Elf:2)
  A jorogumo zombie (Spider:4)
  4 ugly thing zombies
  A goliath frog zombie (Swamp:2)
  An ugly thing (Vaults:4)
  3 wolf spider zombies
  A frost giant zombie (Depths:1)
  2 redback zombies (Spider:3)
  A swamp worm zombie (Swamp:1)
  A bloated husk (Swamp:3)
  2 tarantella zombies (Spider:4)
  2 culicivora zombies
  2 jumping spider zombies (Spider:2)
  2 guardian serpent zombies (Desolation)
  An alligator zombie (Swamp:3)
  A black mamba zombie (Lair:5)
  A starcursed mass (Abyss:3)
  A golden eye (Abyss:3)
  A tyrant leech zombie (Swamp:1)
  5 human zombies
  9 elf zombies
  A manticore zombie (Lair:5)
  A swamp dragon zombie (Swamp:2)
  5 yaktaur zombies
  A wyvern zombie (Lair:5)
  A cyclops zombie (D:14)
  3 raiju zombies (Abyss:3)
  A spriggan zombie (Swamp:1)
  2 yak zombies
  2 wolf zombies (Lair:5)
  2 centaur zombies (D:14)
  A swamp drake zombie (Swamp:3)
  4 orcs (Orc:2)
  46 orc zombies
  A briar patch (Swamp:3)
  21 foxfires
  20 fungi
  3 lurking horrors (Abyss:3)
  29 plants
  5 starspawn tentacles (Abyss:3)
  8 withered plants (D:8)
208 creatures vanquished.

Grand Total: 1668 creatures vanquished

Notes
Turn   | Place    | Note
-------+----------+-------------------------------------------
     0 | D:1      | theswoord the Demonspawn Gladiator began the quest for the
                  | Orb.
     0 | D:1      | Reached XP level 1. HP: 16/16 MP: 1/1
   246 | D:1      | Gained mutation: You are partially covered in rugged brown
                  | scales. (AC +1, +3% HP) [demonic ancestry]
   246 | D:1      | Reached XP level 2. HP: 16/22 MP: 2/2
   880 | D:2      | Identified the +1 chain mail "Jerore" {rC+ Regen+ Int+2}
   915 | D:2      | Gained mutation: You have a pair of small horns on your
                  | head. [demonic ancestry]
   915 | D:2      | Reached XP level 3. HP: 21/27 MP: 3/3
  1662 | D:3      | Gained mutation: You are mostly covered in rugged brown
                  | scales. (AC +2, +5% HP) [demonic ancestry]
  1662 | D:3      | Reached XP level 4. HP: 21/34 MP: 4/4
  2015 | D:3      | Reached skill level 5 in Staves
  2649 | D:4      | Noticed an ogre
  2656 | D:4      | Killed an ogre
  2657 | D:4      | Gained mutation: You regenerate magic rapidly. [demonic
                  | ancestry]
  2657 | D:4      | Reached XP level 5. HP: 39/39 MP: 5/5
  2750 | D:4      | Gained mutation: A meltable shield of frost defends you.
                  | (SH +4) [demonic ancestry]
  2750 | D:4      | Reached XP level 6. HP: 39/46 MP: 6/6
  2758 | D:4      | Identified the +0 helmet of Tuakhlyrr {rC+}
  2758 | D:4      | Noticed Robin
  2825 | D:4      | Killed Robin
  3300 | D:5      | Entered Level 5 of the Dungeon
  3487 | D:5      | Gained mutation: You have a pair of horns on your head.
                  | [demonic ancestry]
  3487 | D:5      | Reached XP level 7. HP: 42/52 MP: 7/7
  3672 | D:5      | Identified the +1 robe of Inference {+Inv rN+ Str-5 Dex+3}
  3782 | D:5      | Found a runed translucent door.
  3783 | D:5      | Noticed Crazy Yiuf
  3791 | D:5      | Killed Crazy Yiuf
  3852 | D:6      | Found a staircase to the Ecumenical Temple.
  3864 | Temple   | Entered the Ecumenical Temple
  3985 | Temple   | Became a worshipper of Kikubaaqudgha
  4214 | D:6      | Gained mutation: You are completely covered in rugged brown
                  | scales. (AC +3, +7% HP) [demonic ancestry]
  4214 | D:6      | Reached XP level 8. HP: 36/59 MP: 8/8
  4450 | D:6      | Reached skill level 1 in Necromancy
  4484 | D:6      | Found a snail-covered altar of Cheibriados.
  4564 | D:6      | Found an iron altar of Okawaru.
  4679 | D:6      | Reached skill level 2 in Necromancy
  4759 | D:7      | an ice beast changed into a shapeshifter
  4759 | D:7      | Noticed a shapeshifter (shapeshifter)
  4760 | D:7      | a shapeshifter changed into a queen bee
  4760 | D:7      | Noticed a queen bee (shapeshifter)
  4766 | D:7      | a queen bee changed into a blink frog
  4766 | D:7      | Noticed a blink frog (shapeshifter)
  4777 | D:7      | Killed a blink frog
  4778 | D:7      | Reached skill level 3 in Necromancy
  4815 | D:7      | Noticed a two-headed ogre
  4823 | D:7      | Killed a two-headed ogre
  4824 | D:7      | Reached skill level 10 in Staves
  4824 | D:7      | Reached skill level 5 in Necromancy
  4824 | D:7      | Gained mutation: You have a pair of large horns on your
                  | head. [demonic ancestry]
  4824 | D:7      | Reached XP level 9. HP: 65/65 MP: 9/9
  4915 | D:7      | Reached skill level 6 in Necromancy
  4948 | D:7      | Reached skill level 7 in Necromancy
  5130 | D:7      | Found Kol Xyis's Weapon Shoppe.
  5140 | D:7      | Reached * piety under Kikubaaqudgha
  5140 | D:7      | Received a gift from Kikubaaqudgha
  5165 | D:7      | Noticed Pikel
  5177 | D:7      | Killed Pikel
  5178 | D:7      | Reached skill level 8 in Necromancy
  5250 | D:7      | Noticed Maggie
  5261 | D:7      | Killed Maggie
  5262 | D:7      | Gained mutation: When hurt, damage is shared between your
                  | health and your magic reserves. [demonic ancestry]
  5262 | D:7      | Reached XP level 10. HP: 46/71 MP: 10/10
  5514 | D:7      | Reached skill level 9 in Necromancy
  5560 | D:8      | Noticed Grum
  5562 | D:8      | Found a hazy altar of Hepliaklqana.
  5591 | D:8      | Killed Grum
  5629 | D:8      | Found a shimmering blue altar of Sif Muna.
  5629 | D:8      | Found a blossoming altar of Fedhas.
  5676 | D:8      | Reached skill level 10 in Necromancy
  5704 | D:8      | Reached ** piety under Kikubaaqudgha
  5958 | D:8      | You fall into a shaft and drop 3 floors!
  5964 | D:10     | Entered Level 10 of the Dungeon
  6085 | D:10     | Reached skill level 11 in Necromancy
  6085 | D:10     | Reached XP level 11. HP: 71/77 MP: 8/11
  6255 | D:9      | Paralysed by a hornet for 1 turns
  6259 | D:9      | Reached *** piety under Kikubaaqudgha
  6259 | D:9      | Received a gift from Kikubaaqudgha
  6638 | D:8      | Found the +2 ratskin cloak {*Rats rPois rN+ Str-1 Int-1
                  | Dex+1}
  6926 | D:9      | Identified the +0 leather armour "Runyusmo" {Str+2}
  7457 | D:10     | Found a staircase to the Orcish Mines.
  7527 | D:10     | Noticed a two-headed ogre
  7536 | D:10     | Killed a two-headed ogre
  7742 | D:10     | Found a staircase to the Lair.
  7833 | D:10     | Reached **** piety under Kikubaaqudgha
  7839 | D:10     | Reached skill level 12 in Necromancy
  7971 | Lair:1   | Entered Level 1 of the Lair of Beasts
  8252 | Lair:1   | Found a transporter.
  8267 | Lair:1   | Noticed a green ugly thing
  8270 | Lair:1   | Noticed a glowing orange brain
  8270 | Lair:1   | Noticed HoaS's ghost (journeyman GrHu)
  8286 | Lair:1   | Found a one-way gate to the infinite horrors of the Abyss.
  8286 | Lair:1   | Noticed a cyan ugly thing
  8287 | Lair:1   | Found a transporter.
  8443 | Lair:1   | Found a gate leading to a gauntlet.
  9092 | Lair:2   | Noticed Sonja
  9093 | Lair:2   | Noticed a lindwurm
  9096 | Lair:2   | Killed Sonja
  9096 | Lair:2   | Noticed a lindwurm
  9132 | Lair:2   | Noticed a lindwurm
  9262 | Lair:2   | Noticed Harold
  9274 | Lair:2   | Killed Harold
  9275 | Lair:2   | Reached skill level 5 in Fighting
  9339 | Lair:2   | Gained mutation: A meltable icy envelope protects you from
                  | harm. (AC +8) [demonic ancestry]
  9339 | Lair:2   | Reached XP level 12. HP: 84/92 MP: 10/12
  9390 | Lair:2   | Found a hole to the Spider Nest.
  9683 | Lair:2   | Reached skill level 13 in Necromancy
  9990 | Lair:3   | Noticed a four-headed hydra
 10020 | Lair:3   | Killed a four-headed hydra
 10409 | Lair:3   | Noticed a four-headed hydra
 10418 | Lair:3   | Killed a four-headed hydra
 10418 | Lair:3   | Noticed a six-headed hydra
 10425 | Lair:3   | Learned a level 4 spell: Animate Dead
 10432 | Lair:3   | Killed a six-headed hydra
 10653 | Lair:3   | Found a staircase to the Swamp.
 10761 | Lair:4   | Reached skill level 14 in Necromancy
 11343 | Lair:4   | Noticed an ice dragon
 11359 | Lair:4   | Killed an ice dragon
 11528 | Lair:4   | Found a viscous altar of Jiyva.
 11529 | Lair:4   | Found a staircase to the Slime Pits.
 11678 | Lair:5   | Entered Level 5 of the Lair of Beasts
 11729 | Lair:5   | Gained mutation: A meltable icy envelope protects you from
                  | harm. (AC +8) [demonic ancestry]
 11729 | Lair:5   | Reached XP level 13. HP: 108/108 MP: 13/13
 11850 | Lair:5   | Reached skill level 15 in Necromancy
 12103 | Lair:5   | Noticed a dire elephant
 12126 | Lair:5   | Killed a dire elephant
 12127 | Lair:5   | Reached skill level 10 in Fighting
 12220 | Lair:5   | Noticed a dire elephant
 12263 | Lair:5   | Killed a dire elephant
 12362 | Lair:5   | Reached ***** piety under Kikubaaqudgha
 12400 | Lair:5   | Reached skill level 16 in Necromancy
 13743 | D:12     | Identified the +0 spear "Luq Coon" {heavy, *Corrode rElec
                  | rF+ Str+5}
 14434 | D:13     | Found a frozen archway.
 14492 | IceCv    | Entered an ice cave
 14828 | IceCv    | Identified the +3 pair of gloves "Wuguhuirr" {SInv}
 14858 | IceCv    | Noticed a reaper
 14874 | IceCv    | Reached ****** piety under Kikubaaqudgha
 14890 | IceCv    | Killed a reaper
 14891 | IceCv    | Gained mutation: You are robust. (+10% HP) [demonic
                  | ancestry]
 14891 | IceCv    | Reached XP level 14. HP: 58/134 MP: 6/14
 14975 | IceCv    | Got the Omnibus of Charred Jinxing
 15281 | D:13     | Reached skill level 17 in Necromancy
 15862 | Orc:1    | Entered Level 1 of the Orcish Mines
 15862 | Orc:1    | Noticed an orc warlord
 15903 | D:10     | Killed an orc warlord
 15971 | Orc:1    | Paralysed by an orc sorcerer for 3 turns
 16267 | Orc:2    | Entered Level 2 of the Orcish Mines
 16270 | Orc:2    | Noticed an orc warlord
 16363 | Orc:2    | Noticed Saint Roka
 16488 | Orc:1    | HP: 5/135 [orc warlord/+1 long sword of protection (34)]
 16510 | Orc:1    | Killed an orc warlord
 16716 | Orc:1    | Killed Saint Roka
 16910 | Orc:2    | Noticed Snorg
 16910 | Orc:2    | Noticed Nessos
 16924 | Orc:2    | Killed Snorg
 16937 | Orc:2    | Killed Nessos
 16954 | Orc:2    | Reached skill level 18 in Necromancy
 17080 | Orc:2    | Found a staircase to the Elven Halls.
 17629 | Orc:2    | HP: 2/139 [orc knight/+0 long sword (20)]
 17713 | Orc:1    | Reached skill level 1 in Armour
 17738 | Orc:2    | Learned a level 6 spell: Death Channel
 18141 | Orc:2    | Found Jabb's Antique Armour Shop.
 18144 | Orc:2    | Found Zyppea's Assorted Antiques.
 18145 | Orc:2    | Found Cacluy's Weapon Shop.
 18146 | Orc:2    | Found Fus Ugyf's Book Shop.
 18150 | Orc:2    | Bought a polished lajatang for 640 gold pieces
 18150 | Orc:2    | Identified the +8 lajatang "Nes Acsesk" {speed, rC- Will+++
                  | Str+3 Dex-5} (You bought it in a shop on level 2 of the
                  | Orcish Mines)
 18548 | D:14     | Noticed an ironbound preserver
 18591 | D:14     | Killed an ironbound preserver
 18600 | D:14     | Reached XP level 15. HP: 83/147 MP: 7/15
 18653 | D:14     | Found a gate to the Vaults.
 19123 | D:14     | Noticed a storm dragon
 19227 | D:14     | Killed a storm dragon
 19228 | D:14     | Reached skill level 5 in Dodging
 19228 | D:14     | Identified the ring of Qeplem {Wiz MP+9}
 19416 | D:15     | Entered Level 15 of the Dungeon
 19435 | D:15     | Noticed Josephine
 19455 | D:15     | Killed Josephine
 19484 | D:14     | Reached skill level 19 in Necromancy
 19572 | D:15     | Reached skill level 5 in Armour
 19652 | D:15     | Noticed Agnes
 19859 | D:15     | Killed Agnes
 19866 | D:15     | Identified a +5 lajatang of pain (a +3 lajatang of venom
                  | bloodied by Kikubaaqudgha)
 19866 | D:15     | Received a gift from Kikubaaqudgha
 19909 | D:15     | Reached skill level 15 in Fighting
 20197 | D:15     | Found a staircase to the Depths.
 20513 | Lair:2   | Identified the +1 plate armour of Bebb {rF- Regen+ Int-4
                  | Dex+7}
 20525 | Lair:2   | Identified the +0 scale mail of Pride {rPois}
 20867 | Spider:1 | Entered Level 1 of the Spider Nest
 21020 | Spider:1 | Reached XP level 16. HP: 140/159 MP: 14/16
 21398 | Spider:1 | You fall into a shaft and drop 1 floor!
 22052 | Spider:3 | Reached skill level 20 in Necromancy
 22565 | Spider:4 | Entered Level 4 of the Spider Nest
 22762 | Spider:4 | Noticed Aizul
 22776 | Spider:4 | Killed Aizul
 22892 | Spider:4 | Reached XP level 17. HP: 119/168 MP: 12/17
 23022 | Spider:4 | Got a gossamer rune of Zot
 23461 | Swamp:1  | Entered Level 1 of the Swamp
 23577 | Swamp:1  | Identified Roxanne's Enchiridion on the Xenotype
 23577 | Swamp:1  | Noticed Roxanne
 23611 | Swamp:1  | Killed Roxanne
 24308 | Swamp:2  | Found a runed translucent door.
 24525 | Swamp:2  | Identified the +0 robe of Polish {Will+ Archmagi}
 24882 | Swamp:3  | Noticed Mara
 24903 | Swamp:3  | Noticed Donald
 24907 | Swamp:3  | HP: 3/170 [Donald/+0 scimitar (27)]
 25001 | Swamp:2  | Killed Donald
 25002 | Swamp:2  | Reached skill level 10 in Dodging
 25084 | Swamp:3  | Noticed theswoord's illusion
 25443 | Vaults:1 | Entered Level 1 of the Vaults
 25553 | Vaults:1 | Found Ufinau's Weapon Emporium.
 25672 | Vaults:1 | Reached skill level 21 in Necromancy
 26659 | Vaults:2 | Identified a scroll of acquirement
 26660 | Vaults:2 | Acquired 368 gold pieces
 26681 | Vaults:2 | Reached skill level 10 in Armour
 26706 | Vaults:2 | Reached XP level 18. HP: 181/181 MP: 14/18
 27468 | Vaults:2 | Noticed Sojobo
 27473 | Vaults:2 | Paralysed by an air elemental for 1 turns
 27480 | Vaults:2 | Paralysed by an air elemental for 1 turns
 27485 | Vaults:2 | Paralysed by an air elemental for 1 turns
 27766 | Vaults:2 | Paralysed by an air elemental for 1 turns
 27768 | Vaults:2 | Paralysed by an air elemental for 1 turns
 29560 | Vaults:3 | Found a staircase to the Crypt.
 29791 | Vaults:4 | Reached skill level 22 in Necromancy
 29815 | Vaults:4 | Noticed Zenata
 29821 | Vaults:4 | Reached XP level 19. HP: 158/190 MP: 15/19
 29829 | Vaults:4 | Killed Zenata
 29884 | Vaults:4 | Acquired 1295 gold pieces
 30110 | Vaults:4 | Noticed a dread lich
 30115 | Vaults:4 | Paralysed by a dread lich for 2 turns
 30124 | Vaults:4 | Paralysed by a dread lich for 2 turns
 30128 | Vaults:4 | Killed a dread lich
 31162 | Depths:1 | Entered Level 1 of the Depths
 31481 | Elf:1    | Entered Level 1 of the Elven Halls
 31516 | Elf:1    | Found Bahidih's Specific Store.
 31518 | Elf:1    | Found Hirug's General Store.
 31575 | Elf:1    | Found a crumbling gateway.
 31591 | Desolati | Entered the Desolation of Salt
 31711 | Desolati | Identified the ring of Duimnaxt {rPois AC+4}
 32084 | Desolati | Reached XP level 20. HP: 191/203 MP: 17/20
 32167 | Desolati | Identified the ring of Ymie {*Slow rElec rCorr MP+9 Int+3}
 32177 | Desolati | Got the Volume of Spectres and Convocation
 32178 | Desolati | Identified the +3 falchion of Cadiox {antimagic, rC+ rN+
                  | Will+}
 32344 | Desolati | Identified the ring of Kenay {rN+++ Will++ Str-4 Int+2
                  | Dex+6}
 32465 | Desolati | Got Gekh's Compendium of United Stones
 32472 | Desolati | Got the Anthology of the Unstable Glacier
 32716 | Elf:1    | Reached skill level 23 in Necromancy
 33328 | Elf:2    | Found Nushesmi's Antique Armour Emporium.
 33426 | Elf:2    | Identified the +9 shortbow "Cunt" {elec, +Blink rN+ Str+3
                  | Int+3 Dex-2}
 33523 | Elf:2    | Identified the +1 trident "Concordance" {pain, rN+ MP+9
                  | Int-5}
 33558 | Elf:2    | Found a runed translucent gate.
 33560 | Elf:2    | Found a runed translucent gate.
 33564 | Elf:2    | Found a runed translucent gate.
 34349 | Elf:3    | Entered Level 3 of the Elven Halls
 34514 | Elf:3    | Found a radiant altar of Vehumet.
 34680 | Abyss:3  | Cast into level 3 of the Abyss (a deep elf sorcerer)
 34720 | Abyss:3  | Noticed a dread lich
 34830 | Abyss:3  | Gained mutation: Your magical capacity is extremely low.
                  | (-30% MP) [a cacodemon]
 34832 | Abyss:3  | Gained mutation: You are clumsy. (Dex -2) [a cacodemon]
 34834 | Abyss:3  | Gained mutation: You have hidden genetic defects. [a
                  | cacodemon]
 34841 | Abyss:3  | Gained mutation: You are dopey. (Int -2) [a cacodemon]
 34877 | Abyss:3  | Lost mutation: You have hidden genetic defects. [potion of
                  | mutation]
 34877 | Abyss:3  | Lost mutation: Your magical capacity is very low. (-20% MP)
                  | [potion of mutation]
 35000 | Abyss:3  | Paralysed by accursed screaming for 1 turns
 35008 | Abyss:3  | Paralysed by accursed screaming for 1 turns
 35010 | Abyss:3  | Paralysed by accursed screaming for 1 turns
 35012 | Abyss:3  | Paralysed by accursed screaming for 1 turns
 35014 | Abyss:3  | Paralysed by accursed screaming for 1 turns
 35031 | Abyss:3  | Found a hide-covered altar of Uskayaw.
 35050 | Abyss:3  | Found a hide-covered altar of Uskayaw.
 35099 | Abyss:3  | Found a hide-covered altar of Uskayaw.
 35223 | Elf:3    | Escaped the Abyss
 35242 | Elf:3    | Gained mutation: You are very robust. (+20% HP) [demonic
                  | ancestry]
 35242 | Elf:3    | Reached XP level 21. HP: 205/231 MP: 13/21
 35273 | Elf:3    | Killed from afar by a deep elf annihilator

Skill      XL: |  1  2  3  4  5  6  7  8  9 10 11 12 13 14 15 16 17 18 19 20 21 |
---------------+----------------------------------------------------------------+-----
Staves         | 3 4 5 6 7 9 10 11 12 14 | 14.0
Necromancy     | 5 8 11 12 14 16 18 19 20 21 22 23 | 23.7
Fighting       | 5 9 12 14 15 16 17 18 19 20 | 20.0
Armour         | 2 6 8 10 11 12 14 | 14.1
Dodging        | 4 6 8 10 11 13 14 | 14.4
Throwing       | |  1.7

Action                     |  1- 3 |  4- 6 |  7- 9 | 10-12 | 13-15 | 16-18 | 19-21 || total
---------------------------+-------+-------+-------+-------+-------+-------+-------++-------
  Melee: Quarterstaff      |    99 |   182 |   184 |   741 |  1289 |       |       ||  2495
         Headbutt          |     6 |    22 |    42 |   157 |   489 |   286 |   293 ||  1295
         Lajatang          |       |       |       |       |   454 |  1035 |  1069 ||  2558
  Throw: Throwing net      |       |     3 |     2 |     2 |       |       |       ||     7
   Cast: Animate Dead      |       |       |       |     3 |    21 |    16 |    11 ||    51
         Death Channel     |       |       |       |       |     8 |    43 |    20 ||    71
 Invoke: Brand Weapon With |       |       |       |       |     1 |       |       ||     1
         Unearth Wretches  |       |       |       |       |       |     1 |       ||     1
  Evoke: Wand              |       |       |       |     3 |       |       |       ||     3
    Use: Scroll            |     5 |     9 |     2 |    14 |     6 |     7 |     5 ||    48
         Potion            |     1 |       |       |     3 |    16 |     8 |     8 ||    36
   Stab: Sleeping          |     1 |       |       |       |       |       |       ||     1
         Invisible         |     1 |     2 |       |       |    19 |       |       ||    22
         Held in net/web   |       |     1 |     4 |     4 |       |       |       ||     9
         Paralysed         |       |       |       |     1 |       |       |     2 ||     3
         Distracted        |       |       |       |     2 |    12 |    14 |    11 ||    39
         Fleeing           |       |       |       |       |     1 |       |       ||     1
 Armour: Leather armour    |     1 |       |       |       |       |       |       ||     1
         Chain mail        |    51 |   117 |    80 |   394 |   997 |   747 |   574 ||  2960
  Dodge: Dodged            |    35 |    64 |    43 |   242 |   926 |   818 |   922 ||  3050
  Block: Other             |       |    18 |    32 |    94 |   248 |   159 |   108 ||   659

Levels and vault maps discovered:
D:1:      nzn_arrival_depleted_hourglass, layout_loops_ring
D:2:      layout_loops_cross, item_on_display_a
D:3:      wad_river_or_something, layout_basic, hangedman_glass_garden
D:4:      layout_basic, uniq_robin
D:5:      layout_basic, uniq_crazy_yiuf_cottage
D:6:      layout_basic, mainiacjoe_overflow_catch_the_wave,
          minmay_temple_entry_trees
D:7:      layout_gridville, kennysheep_windowed_goal, uniq_maggie, uniq_pikel
D:8:      cheibrodos_two_vegetables, layout_basic, grunt_temple_overflow_open,
          serial_undead, serial_undead_c, serial_undead_b, serial_undead_e,
          serial_undead_f, serial_undead_f, serial_undead_c,
          minmay_fractal_squares_diagonal_5, uniq_grum
D:9:      layout_long_grid
D:10:     layout_loops_ring, lair_entry_dummy, orc_0_dummy
D:11:     layout_roguey, minivault_8
D:12:     layout_irregular_city
D:13:     layout_loops_ring, portal_ice_cave_entry_imps
D:14:     layout_roguey, skrybe_vaults_entry_preservation,
          chequers_serial_rivers_small_3, minmay_evil_grid
D:15:     gammafunk_enter_depths_forms, layout_basic,
          hangedman_abyss_or_decor_stabs, minmay_alternating_orb,
          uniq_josephine, uniq_agnes
Temple:   minmay_crystal_spiral_temple
Lair:1:   statuecave_lemuel, layout_layer_cave, gammafunk_ghost_abyssal_escape,
          gauntlet_entry_generic, grunt_forest_large_clearing_hut,
          infiniplex_staircase_pool, serial_bayou_shore_a
Lair:2:   layout_cave_pods, spider_nest_entry_funnel_web, minmay_lindwurm_lava,
          uniq_sonja, uniq_harold
Lair:3:   layout_loops_ring, palyth_hydra_swamp_entry, minivault_23
Lair:4:   dragon1_lemuel, layout_loops_ring, dpeg_slime_entry_enclosed,
          minmay_holes, nicolae_lair_lil_pond
Lair:5:   hangedman_lair_in_review, layout_long_grid
Swamp:1:  layout_falls_marsh, evilmike_swamp_ruin_house_6, swamp_pool1,
          uniq_roxanne
Swamp:2:  gammafunk_mikee_crab_dinner, layout_basic_swamp, swamp_pool4,
          infiniplex_staircase_pool_2
Swamp:3:  layout_basic_swamp, evilmike_swamp_ruin_house_3, swamp_pool1,
          uniq_mara, uniq_donald
Spider:1: layout_spider_delve
Spider:2: layout_spider_delve
Spider:3: layout_spider_delve
Spider:4: grunt_spider_rune_island, uniq_aizul
Orc:1:    layout_caves
Orc:2:    st_orc_pillars, layout_caves, uniq_snorg, uniq_saint_roka, uniq_nessos
Elf:1:    eino_elf_arrival_sip, layout_geoelf_diagonals,
          portal_desolation_entry_ruin, hangedman_elven_crosses_minicolossus,
          nicolae_specific_store
Elf:2:    elven_hall_of_blades_hangedman_original
          [nicolae_vaults_blade_armed_guards], layout_geoelf_diagonals,
          serial_sigils_hangedman_writhe,
          nicolae_concentric_dashed_squares_wild, st_stairs_13,
          nicolae_elf_glassroom_feature, uniq_louise
Elf:3:    nooodl_elf_gasket, layout_rooms, basic_altar
Vaults:1: v_misc_4, nicolae_vaults_network_barrier, vaults_room_corners,
          v_misc_27, nicolae_vaults_ninety_degrees,
          nicolae_vaults_little_squares_4, v_misc_28, nicolae_vaults_rhombus_7,
          ontoclasm_vaults_idyll, nicolae_vaults_rhombus_5,
          layout_vaults_big_cross, serial_shops, shop_coins
Vaults:2: vaults_room_door_hall, vaults_room_boxed,
          nicolae_vaults_stairing_the_circle, vaults_room_fancy_cross,
          nicolae_vaults_little_squares_1, nicolae_vaults_yaktaur_gun_rack,
          layout_vaults_quadrants, uniq_margery, uniq_sojobo
Vaults:3: v_pattern_2, nicolae_vaults_three_branches,
          vaults_standard_mumra_enter_the_diamond, grunt_vaults_trifunnel,
          ontoclasm_vaults_gateway, vaults_room_large_hall,
          hangedman_vaults_stretched_pinwheel, vaults_mumra_chevron_long,
          minmay_crypt_entry_simple_box, ontoclasm_vaults_pinch,
          layout_vaults_chaotic_city
Vaults:4: hangedman_vaults_unwind, v_pattern_5, v_misc_10, vaults_dpeg_doors,
          grunt_vaults_focal, v_rooms_3, hangedman_vaults_pinch, v_misc_26,
          layout_vaults_omnibox, uniq_zenata
Depths:1: layout_gridlike, minmay_misc_feat_rugged, lightli_too_deep,
          serial_sigils, serial_sigils_hangedman_stare,
          serial_sigils_hangedman_quiver, serial_sigils_hangedman_quiver,
          serial_sigils_hangedman_gnaw, serial_sigils_hangedman_etch,
          serial_sigils_hangedman_gut, abyss_entry, kennysheep_cross_bottleneck,
          water_maze_lemuel, uniq_enchantress
